 Dungeon Crawl Stone Soup version 0.22-a0-392-g5dc3fd9af9 (webtiles) character file.

207578 Chiseanne the Spry (level 18, -9/91 HPs)
             Began as a Spriggan Fighter on Feb 13, 2018.
             Was the Champion of Wu Jian.
             Killed from afar by a frost giant (24 damage)
             ... with a bolt of cold
             ... on level 1 of the Shoals on May 2, 2018.
             The game lasted 03:31:55 (51846 turns).

Chiseanne the Spry (Spriggan Fighter)              Turns: 51846, Time: 03:31:55

Health: -9/91      AC:  7    Str: 12    XL:     18   Next: 10%
Magic:  2/39       EV: 45    Int: 11    God:    Wu Jian [******]
Gold:   2238       SH: 18    Dex: 30    Spells: 34/50 levels left

rFire    + . .     SeeInvis +   a - +8 dagger "Arcanum" {freeze, Dex+3}
rCold    + . .     Gourm    .   c - +3 buckler
rNeg     . . .     Faith    .   H - +2 robe {rC+ rF+}
rPois    +         Spirit   .   (helmet restricted)
rElec    .         Reflect  +   v - +2 cloak of Xaid {+Fly MR- rCorr}
rCorr    +         Harm     .   (gloves unavailable)
MR       ++...                  (boots unavailable)
Stlth    +++++++++.             N - +3 amulet of reflection
HPRegen  0.25/turn              n - +1 ring of slaying
MPRegen  0.26/turn              p - ring of poison resistance

@: agile, very slightly contaminated, very quick
A: very small, unfitting armour, see invisible, herbivore, speed 3, slow
metabolism 2
}: 1/15 runes: gossamer
a: Wall Jump, Serpent's Lash, Heavenly Storm, Renounce Religion, Evoke Flight


You were on level 1 of the Shoals.
You worshipped Wu Jian.
Wu Jian was exalted by your worship.
You were very full.

You visited 7 branches of the dungeon, and saw 34 of its levels.
You also visited: Labyrinth.

You collected 3095 gold pieces.
You spent 857 gold pieces at shops.

Inventory:

Hand Weapons
 a - the +8 dagger "Arcanum" (weapon) {freeze, Dex+3}
   (You found it on level 7 of the Dungeon)

   It has been specially enchanted to freeze those struck by it, causing extra
   injury to most foes and up to half again as much damage against particularly
   susceptible opponents.
   It can also slow down cold-blooded creatures.
   It affects your dexterity (+3).
 d - a +1 scimitar of protection
 e - a +0 blowgun
 f - a +9 scimitar of flaming
 s - a +2 dagger of venom
 w - a +0 hunting sling
 x - a +2 long sword of holy wrath
 y - a +1 rapier of venom
Missiles
 g - 57 tomahawks (quivered)
 m - 59 bolts
 o - 237 sling bullets
 q - 2 curare-tipped needles
 I - 23 poisoned needles
 O - 3 throwing nets
 V - 6 tomahawks of returning
Armour
 c - a +3 buckler (worn)
 v - the +2 cloak of Xaid (worn) {+Fly MR- rCorr}
   (You bought it in a shop on level 2 of the Orcish Mines)

   It affects your resistance to hostile enchantments.
   It lets you fly.
   It protects you from acid and corrosion.
 H - a +2 robe of resistance (worn)
Jewellery
 i - an uncursed amulet of magic regeneration
 n - a +1 ring of slaying (left hand)
 p - a ring of poison resistance (right hand)
 u - an uncursed ring of flight
 D - an uncursed ring of stealth
 N - a +3 amulet of reflection (around neck)
 W - an uncursed ring of ice
Wands
 j - a wand of disintegration (30)
 A - a wand of iceblast (10)
 M - a wand of paralysis (41)
 Q - a wand of polymorph (39)
 R - a wand of random effects (9)
 U - a wand of flame (2)
Scrolls
 b - 3 scrolls of immolation
 l - 20 scrolls of remove curse
 r - 5 scrolls of identify
 t - 4 scrolls of fog
 z - 4 scrolls of teleportation
 C - 3 scrolls of summoning
 P - a scroll of magic mapping
Potions
 h - 9 potions of curing
 k - 2 potions of haste
 B - a potion of brilliance
 E - a potion of berserk rage
 J - 2 potions of flight
 K - 3 potions of resistance
 L - a potion of might
 T - a potion of magic
 Y - 6 potions of ambrosia
Miscellaneous
 G - a phial of floods (inert)
 S - a lightning rod (1/4)
Comestibles
 F - 6 rations


   Skills:
 - Level 8.4 Fighting
 - Level 10.0(10.2) Short Blades
 - Level 2.4(5.4) Long Blades
 * Level 19.6 Dodging
 - Level 18.5 Stealth
 * Level 11.8 Shields
 * Level 16.5 Spellcasting
 - Level 13.5 Hexes
 * Level 3.6 Translocations
 - Level 5.9 Evocations


You had 34 spell levels left.
You knew the following spells:

 Your Spells              Type           Power        Failure   Level  Hunger
a - Confuse               Hex            #####...     1%          3    None
b - Tukima's Dance        Hex            #####...     1%          3    None
c - Dazzling Spray        Conj/Hex       ###...       1%          3    None
d - Inner Flame           Hex/Fire       ###.....     1%          3    None
e - Force Lance           Conj/Tloc      ##......     30%         4    ###....


Dungeon Overview and Level Annotations

Branches:
Dungeon (15/15)            Temple (1/1) D:5            Lair (6/6) D:9
 Shoals (4/4) Lair:3       Spider (4/4) Lair:2        Slime (0/5) Lair:6
    Orc (2/2) D:11            Elf (2/3) Orc:2        Vaults (0/5) D:14
 Depths (0/5) D:15

Altars:
Ashenzari
Cheibriados
Dithmenos
Elyvilon
Fedhas
Gozag
Hepliaklqana
Kikubaaqudgha
Makhleb
Nemelex Xobeh
Okawaru
Qazlal
Ru
Sif Muna
Trog
Uskayaw
Vehumet
Wu Jian
Xom
Yredelemnul
Zin
The Shining One
Beogh

Shops:
D:6 *%   D:11 *   D:15 [   Orc:2 (=[*   Elf:1 ?

Annotations:
D:3 Execuda's ghost, weakling DsBe
D:4 Robin
Shoals:4 Ilsuiw
Spider:3 Mara
Spider:4 exclusion: upstairs


Innate Abilities, Weirdness & Mutations

You are very small and have problems with some larger weapons.
You are too small for most types of armour.
You have supernaturally acute eyesight. (SInv)
You are a herbivore.
You cover ground extremely quickly.
You need to consume almost no food.


Message History

Press: ? - help, Shift-Dir - straight line, f - you, p - frost giant That would be overly suicidal.
Okay, then.
Unknown command.
Casting: Tukima's Dance (safe; 1% risk of failure)
Confirm with . or Enter, or press ? or * to list all spells.
Aiming: Dazzling Spray (safe; 1% risk of failure)
Press: ? - help, Shift-Dir - straight line, f - frost giant
Aim: a frost giant (moderately wounded, inner flame)
The spray of energy hits the frost giant.
The frost giant is moderately wounded.
The frost giant hits you!!
* * * LOW HITPOINT WARNING * * *
You block the frost giant's attack.
You climb upwards.
There is a stone staircase leading down here.
You feel agile all of a sudden. The frost giant casts a spell at you.
The bolt of cold hits you! You resist.
You die...

≈≈≈≈....###....≈≈≈≈≈≈≈≈≈≈
≈≈≈≈.....##....≈≈≈≈≈≈!≈≈≈
≈≈≈≈≈....#....≈≈≈≈≈≈≈≈≈≈≈
≈≈≈≈≈.......##.≈≈≈≈≈≈m .
≈≈≈≈≈......####.≈≈≈...
≈≈≈≈≈.......##...≈≈...
≈≈≈≈≈≈C.....#....≈≈≈≈≈
≈≈≈≈≈≈.>.##.....≈≈≈≈≈≈
≈≈≈≈≈≈..@...≈≈..≈≈≈≈≈≈
≈≈≈≈≈≈≈........≈≈≈≈≈≈≈
≈≈≈≈≈≈≈≈...###.≈≈≈≈≈≈≈
≈≈≈≈≈≈≈≈...###≈≈≈≈≈≈≈≈
≈≈≈≈≈≈≈≈≈≈....≈≈≈≈≈≈≈≈
≈≈≈≈≈≈≈≈≈≈...≈≈≈≈≈≈≈≈≈
≈≈≈≈≈≈≈≈≈≈≈≈≈≈≈≈≈≈≈≈≈≈
≈≈≈≈≈≈≈≈≈≈≈≈≈≈≈≈≈≈≈≈≈
≈≈≈≈≈≈≈≈≈≈≈≈≈≈≈≈≈≈≈


You could see a frost giant (inner flame).

Vanquished Creatures
  Arachne (Spider:3)
  Roxanne (D:15)
  Aizul (Spider:1)
  2 ghost moths (Spider:4)
  An orc warlord (Orc:1)
  6 emperor scorpions
  A minotaur (Lab)
  2 spark wasps
  Azrael (D:13)
  The ghost of Xeen the Unseen, a journeyman SpEn of Dithmenos (Lair:6)
  4 merfolk javelineers
  A fire dragon (Lair:6)
  6 merfolk impalers
  A deep elf high priest (Orc:2)
  8 vault guards (D:14)
  9 hydras
  A merfolk aquamancer (Shoals:4)
  A merfolk avatar (Shoals:1)
  7 two-headed ogres
  A tengu warrior (D:14)
  2 satyrs
  3 centaur warriors
  A death knight (D:15)
  3 dancing weapons
  3 orc high priests (Orc:2)
  4 deep elf knights
  3 skeletal warriors (D:15)
  An unseen horror (D:11)
  4 sea snakes
  11 deep elf archers
  A kraken simulacrum (Shoals:4)
  14 harpies
  A necromancer (D:15)
  A lindwurm (Lair:6)
  2 fauns (Shoals:3)
  4 oklob plants
  4 orc knights (Orc:2)
  14 orb spiders
  43 deep elf magi
  9 orc sorcerers
  34 wolf spiders
  3 cyclopes
  5 manticores
  13 ugly things
  5 merfolk sirens
  2 moths of wrath
  A black mamba (Lair:3)
  6 torpor snails
  5 elephants (Lair:6)
  3 gargoyles
  3 water nymphs
  3 rime drakes
  10 spiny frogs
  2 small abominations (Elf:1)
  3 centaur skeletons
  5 komodo dragons
  7 demonic crawlers
  2 freezing wraiths (D:15)
  A tengu conjurer (D:14)
  4 trolls
  16 merfolk
  A polar bear (D:13)
  A queen bee (D:11)
  3 meliai (Spider:2)
  34 jumping spiders
  4 wind drakes
  18 hornets
  4 tyrant leeches (Lair:6)
  5 blink frogs (Lair:3)
  4 slime creatures (D:12)
  6 snapping turtles
  12 dream sheep
  13 hippogriffs
  A shadow (D:15)
  2 centaur simulacra
  5 water elementals
  A vampire (D:14)
  72 redbacks
  3 wyverns
  7 fire elementals
  19 yaks
  A basilisk (shapeshifter) (D:9)
  3 wraiths
  40 tarantellas
  2 fire bats (Lair:5)
  A steam dragon (D:8)
  Eustachio (D:4)
  4 hungry ghosts (D:9)
  7 wargs
  2 vampire mosquitoes (D:12)
  2 acid dragons (shapeshifter)
  3 soldier ants
  15 water moccasins
  2 hell hounds (D:13)
  7 porcupines
  22 orc warriors
  9 ice beasts
  3 sky beasts
  2 black bears
  An eye of draining (D:9)
  3 phantoms
  2 necrophages
  13 ogres
  11 centaurs
  10 boggarts
  3 wolves (Lair:6)
  13 crocodiles
  2 big kobolds
  26 bullfrogs
  An earth elemental (Elf:1)
  A wyvern zombie (D:10)
  2 scorpions
  A hornet simulacrum (D:15)
  11 killer bees
  8 wights
  A howler monkey (D:9)
  12 electric eels
  5 crimson imps
  2 quasits
  3 centaur zombies
  2 hounds
  3 jellies
  A bullfrog zombie (D:9)
  12 orc priests
  Crazy Yiuf (D:6)
  3 bullfrog skeletons
  Jessica (D:2)
  22 orc wizards
  Terence (D:2)
  8 worker ants
  2 hound zombies (D:9)
  A hound skeleton (D:6)
  2 worker ant zombies
  6 gnolls
  9 adders
  2 shadow imps
  An ooze (D:3)
  A worm (D:2)
  A dart slug (D:1)
  2 leopard geckos
  41 orcs
  3 giant cockroaches
  7 goblins
  5 hobgoblins
  4 jackals
  2 quokkas
  A ball python (D:1)
  7 bats
  5 frilled lizards
  19 kobolds
  A quokka skeleton (D:4)
  7 rats
  A fire vortex (Lair:5)
  A fungus (Lair:2)
  4 plants
978 creatures vanquished.

Vanquished Creatures (collateral kills)
  A merfolk javelineer (Shoals:4)
  A merfolk aquamancer (Shoals:4)
  A catoblepas (Lair:5)
  A skeletal warrior (D:15)
  An orb spider (Spider:4)
  2 deep elf magi (Elf:1)
  A komodo dragon (D:13)
  A demonic crawler (Spider:2)
  A hornet (D:13)
  A jumping spider (Spider:4)
  3 redbacks
  A yak (D:13)
  5 orc warriors
  An ogre (D:11)
  2 wights (D:10)
  A crimson imp (D:13)
  An orc wizard (Orc:1)
  7 orcs
32 creatures vanquished.

Vanquished Creatures (others)
  A wolf spider (Spider:2)
  2 redbacks (Spider:4)
  26 dancing weapons
  2 wights (D:10)
  An orc (Orc:2)
  27 fungi (Lair:6)
  59 plants
  13 tentacles (Shoals:4)
131 creatures vanquished.

Grand Total: 1141 creatures vanquished

Notes
Turn   | Place    | Note
-------+----------+-------------------------------------------
     0 | D:1      | Chiseanne the Spriggan Fighter began the quest for the Orb.
     0 | D:1      | Reached XP level 1. HP: 11/11 MP: 2/2
   177 | D:1      | Reached XP level 2. HP: 15/16 MP: 3/3
  1009 | D:2      | Reached XP level 3. HP: 19/19 MP: 4/4
  1015 | D:2      | Noticed Terence
  1025 | D:2      | Killed Terence
  1025 | D:2      | Reached skill level 5 in Dodging
  1493 | D:2      | Noticed Jessica
  1501 | D:2      | Killed Jessica
  1501 | D:2      | Reached XP level 4. HP: 16/24 MP: 5/5
  1981 | D:3      | Reached XP level 5. HP: 15/28 MP: 6/6
  2453 | D:3      | Noticed Execuda's ghost (weakling DsBe)
  2793 | D:4      | Reached skill level 1 in Short Blades
  2940 | D:4      | Noticed Eustachio
  2960 | D:4      | Killed Eustachio
  2960 | D:4      | Reached skill level 6 in Dodging
  2960 | D:4      | Reached XP level 6. HP: 24/32 MP: 7/7
  3197 | D:4      | Reached XP level 7. HP: 24/37 MP: 8/8
  3362 | D:4      | Reached skill level 7 in Dodging
  3372 | D:4      | Found a sacrificial altar of Ru.
  3474 | D:4      | HP: 1/37 [orc wizard/dagger (3)]
  3504 | D:4      | Noticed Robin
  3524 | D:5      | Entered Level 5 of the Dungeon
  3735 | D:5      | Found a staircase to the Ecumenical Temple.
  3752 | Temple   | Entered the Ecumenical Temple
  3914 | Temple   | Became a worshipper of the Wu Jian Council
  3915 | Temple   | Upgraded the game from 0.22-a0-165-g89cf10f13c to 0.22-a0-246-gdc04c06d56
  3987 | D:5      | Found a snail-covered altar of Cheibriados.
  4937 | D:6      | Reached skill level 8 in Dodging
  4937 | D:6      | Reached XP level 8. HP: 32/42 MP: 9/9
  5081 | D:7      | Got a warped dagger
  5083 | D:7      | Identified the +8 dagger "Arcanum" {freeze, Dex+3} (You found it on level 7 of the Dungeon)
  5176 | D:7      | Reached skill level 5 in Fighting
  5176 | D:7      | Reached skill level 5 in Short Blades
  5477 | D:6      | Found Povvy's Assorted Antiques.
  5483 | D:6      | Found Kusomos's Food Emporium.
  5490 | D:6      | Bought a scroll labeled FUIHUO WUMYIZ for 23 gold pieces
  5490 | D:6      | Bought a fuming pink potion for 20 gold pieces
  5490 | D:6      | Bought a scroll labeled NUURPH DUBUM for 23 gold pieces
  5490 | D:6      | Bought a fizzy coppery potion for 20 gold pieces
  5544 | D:5      | Reached skill level 9 in Dodging
  5710 | D:6      | Found a runed door.
  5714 | D:6      | Noticed Crazy Yiuf
  5717 | D:6      | Killed Crazy Yiuf
  5858 | D:7      | Reached * piety under Wu Jian
  5957 | D:7      | Found a white marble altar of Elyvilon.
  5964 | D:7      | Reached XP level 9. HP: 47/47 MP: 10/10
  5987 | D:7      | Reached skill level 5 in Shields
  6019 | D:7      | Found an ancient bone altar of Kikubaaqudgha.
  6439 | D:8      | Reached skill level 10 in Dodging
  6784 | D:8      | Reached ** piety under Wu Jian
  6967 | D:9      | Found an opulent altar of Gozag.
  7194 | D:9      | Found a staircase to the Lair.
  7225 | D:9      | Reached skill level 11 in Dodging
  7322 | D:9      | Reached XP level 10. HP: 53/53 MP: 11/11
  7331 | D:9      | Found a sparkling altar of Nemelex Xobeh.
  7766 | D:9      | Noticed a gargoyle
  7766 | D:9      | Noticed a cyan ugly thing
  7771 | D:9      | Noticed a centaur warrior
  7784 | D:9      | Killed a cyan ugly thing
  7787 | D:9      | Killed a centaur warrior
  7787 | D:9      | Reached skill level 12 in Dodging
  7823 | D:9      | Killed a gargoyle
  8013 | D:9      | Reached *** piety under Wu Jian
  8505 | D:10     | Entered Level 10 of the Dungeon
  8520 | D:10     | Noticed a two-headed ogre
  8539 | D:10     | Killed a two-headed ogre
  8539 | D:10     | Reached XP level 11. HP: 59/59 MP: 12/12
  9131 | D:10     | Reached skill level 13 in Dodging
  9296 | D:11     | Noticed an unseen horror
  9318 | D:11     | Killed an unseen horror
  9638 | D:11     | Reached **** piety under Wu Jian
  9668 | D:11     | Found Uhepiq's Assorted Antiques.
  9673 | D:11     | Bought a scroll labeled RYKIBEFRUMN for 28 gold pieces
  9673 | D:11     | Bought a scroll labeled CYRORO NAKLU for 28 gold pieces
 10608 | D:11     | Found a staircase to the Orcish Mines.
 10836 | D:12     | Noticed a two-headed ogre
 10857 | D:12     | Killed a two-headed ogre
 10857 | D:12     | Reached skill level 10 in Short Blades
 10931 | D:12     | Reached skill level 1 in Stealth
 11252 | D:12     | Noticed a cyan ugly thing
 11254 | D:12     | Noticed a red ugly thing
 11618 | D:12     | Reached skill level 14 in Dodging
 11895 | D:12     | Noticed an eight-headed hydra
 11933 | D:12     | Killed an eight-headed hydra
 11933 | D:12     | Reached XP level 12. HP: 56/65 MP: 13/13
 12005 | D:12     | Found a shadowy altar of Dithmenos.
 12160 | D:13     | Reached skill level 5 in Stealth
 12753 | D:13     | Noticed a two-headed ogre
 12793 | D:13     | Killed a two-headed ogre
 12793 | D:13     | Reached ***** piety under Wu Jian
 13044 | D:13     | Noticed Azrael
 13238 | D:13     | Killed Azrael
 13238 | D:13     | Reached skill level 15 in Dodging
 13302 | D:13     | Noticed a two-headed ogre
 13314 | D:13     | Killed a two-headed ogre
 13683 | D:14     | Noticed a centaur warrior
 13708 | D:14     | Killed a centaur warrior
 13826 | D:14     | Found a gate to the Vaults.
 13826 | D:14     | Noticed a vault guard
 13826 | D:14     | Noticed a vault guard
 13826 | D:14     | Noticed a vault guard
 13826 | D:14     | Noticed a vault guard
 13826 | D:14     | Noticed a vault guard
 13827 | D:14     | Noticed a vault guard
 13827 | D:14     | Noticed a vault guard
 13827 | D:14     | Noticed a vault guard
 13834 | D:14     | Killed a vault guard
 14159 | D:14     | Noticed a two-headed ogre
 14177 | D:14     | Killed a two-headed ogre
 14177 | D:14     | Reached skill level 10 in Stealth
 14364 | D:15     | Entered Level 15 of the Dungeon
 14364 | D:15     | Noticed a two-headed ogre
 14365 | D:15     | Killed a two-headed ogre
 14369 | D:15     | Reached skill level 16 in Dodging
 14370 | D:15     | Reached XP level 13. HP: 69/69 MP: 14/14
 14389 | D:15     | Found a labyrinth entrance.
 14397 | Lab      | Entered a labyrinth
 17099 | Lab      | Noticed a minotaur
 17119 | Lab      | Killed a minotaur
 17122 | Lab      | Got a fine war axe {flame}
 17127 | Lab      | Got a steaming dagger
 17135 | D:15     | Identified the cursed +2 dagger of Indomitability {drain, rN+ MR+} (You found it in a labyrinth)
 17138 | D:15     | Identified the +6 war axe of Paecloko {flame, rElec rPois} (You took it off a minotaur in a labyrinth)
 17205 | D:15     | Found a staircase to the Depths.
 17427 | D:15     | Found Okuxzy's Armour Shoppe.
 17594 | D:15     | Found a white marble altar of Elyvilon.
 17834 | D:15     | Noticed Roxanne
 17838 | D:15     | Upgraded the game from 0.22-a0-246-gdc04c06d56 to 0.22-a0-247-gbddf880757
 17874 | D:14     | Learned a level 3 spell: Confuse
 17942 | D:14     | Reached skill level 1 in Spellcasting
 17942 | D:14     | Reached skill level 1 in Hexes
 18123 | Lair:1   | Entered Level 1 of the Lair of Beasts
 18159 | Lair:1   | Found an ancient bone altar of Kikubaaqudgha.
 19304 | Lair:1   | Reached skill level 5 in Spellcasting
 19562 | Lair:2   | Reached skill level 5 in Hexes
 19741 | Lair:2   | Found a hole to the Spider Nest.
 21216 | Lair:3   | Reached XP level 14. HP: 74/74 MP: 14/26
 21222 | Lair:3   | Found a staircase to the Shoals.
 21576 | Lair:4   | Reached ****** piety under Wu Jian
 22993 | Lair:6   | Entered Level 6 of the Lair of Beasts
 23122 | Lair:6   | Learned a level 3 spell: Tukima's Dance
 23126 | Lair:6   | Learned a level 3 spell: Dazzling Spray
 23130 | Lair:6   | Learned a level 3 spell: Inner Flame
 24020 | Lair:6   | Noticed Xeen's ghost (journeyman SpEn)
 24145 | Lair:6   | Killed Xeen's ghost
 24391 | Lair:6   | Found a runed door.
 24688 | Lair:6   | Reached skill level 10 in Spellcasting
 24753 | Lair:6   | Reached skill level 10 in Hexes
 26257 | Lair:6   | Found a staircase to the Slime Pits.
 26591 | Lair:6   | Paralysed by a hornet for 3 turns
 27082 | Lair:6   | Paralysed by a hornet for 3 turns
 27472 | Spider:1 | Entered Level 1 of the Spider Nest
 27942 | Spider:1 | Noticed an emperor scorpion
 27980 | Lair:2   | Killed an emperor scorpion
 28376 | Lair:2   | HP: 2/74 [redback (2)]
 28894 | Spider:1 | Noticed Aizul
 28901 | Spider:1 | Killed Aizul
 28905 | Spider:1 | Reached XP level 15. HP: 78/78 MP: 32/32
 29924 | Spider:1 | Found a roughly hewn altar of Beogh.
 30140 | Spider:2 | Reached skill level 1 in Evocations
 31409 | Spider:3 | Noticed Mara
 31428 | Spider:4 | Entered Level 4 of the Spider Nest
 32320 | Spider:4 | Reached skill level 5 in Evocations
 32724 | Spider:2 | Learned a level 4 spell: Force Lance
 32960 | Spider:3 | Noticed Arachne
 32981 | Spider:3 | Killed Arachne
 32981 | Spider:3 | Reached skill level 15 in Spellcasting
 33392 | Spider:4 | Reached XP level 16. HP: 82/82 MP: 30/36
 33857 | Spider:4 | Reached skill level 17 in Dodging
 33978 | Spider:4 | Reached skill level 10 in Shields
 35210 | Spider:4 | Got a gossamer rune of Zot
 36382 | D:14     | Found a blossoming altar of Fedhas.
 36679 | D:14     | Reached skill level 15 in Stealth
 37101 | D:15     | Got a translucent flail
 37102 | D:15     | Identified the +5 flail of the Equator {holy, Int+5} (You found it on level 15 of the Dungeon)
 37907 | D:15     | Killed Roxanne
 37908 | D:15     | Identified Roxanne's Tome of Shape Shifting (You took it off Roxanne on level 15 of the Dungeon)
 38111 | Orc:1    | Entered Level 1 of the Orcish Mines
 38698 | Orc:1    | Found a roughly hewn altar of Beogh.
 39346 | Orc:2    | Entered Level 2 of the Orcish Mines
 39368 | Orc:2    | Found a roughly hewn altar of Beogh.
 39635 | Orc:2    | Found a staircase to the Elven Halls.
 40059 | Orc:1    | Reached skill level 18 in Dodging
 40370 | Orc:2    | Found Ceolew's General Store.
 40373 | Orc:2    | Found Buoquet's Armour Emporium.
 41153 | Orc:2    | Reached XP level 17. HP: 86/86 MP: 8/37
 41317 | Orc:2    | Found Egruz's Antique Weapon Shop.
 41324 | Orc:2    | Found Beffir Penu's Jewellery Emporium.
 41344 | Orc:2    | Bought a potion of heal wounds for 65 gold pieces
 41344 | Orc:2    | Bought a potion of heal wounds for 65 gold pieces
 41344 | Orc:2    | Bought a scroll of identify for 26 gold pieces
 41346 | Orc:2    | Bought the +2 cloak of Xaid {+Fly MR- rCorr} for 300 gold pieces
 41412 | Elf:1    | Entered Level 1 of the Elven Halls
 44654 | Elf:1    | Found Ugeedaj's Magic Scroll Shoppe.
 44885 | Elf:1    | Bought a scroll of identify for 28 gold pieces
 44885 | Elf:1    | Bought 2 scrolls of identify for 56 gold pieces
 44885 | Elf:1    | Bought a scroll of teleportation for 42 gold pieces
 44885 | Elf:1    | Bought a scroll of identify for 28 gold pieces
 44885 | Elf:1    | Bought a scroll of enchant weapon for 105 gold pieces
 45989 | Elf:1    | Identified Sif Muna's Reference Book on Summoning
 46611 | Elf:2    | Reached skill level 19 in Dodging
 47572 | Shoals:1 | Entered Level 1 of the Shoals
 47928 | Lair:3   | Upgraded the game from 0.22-a0-247-gbddf880757 to 0.22-a0-322-g60b3cfd402
 48414 | Shoals:3 | Reached skill level 1 in Translocations
 48510 | Shoals:4 | Entered Level 4 of the Shoals
 50168 | Shoals:4 | Reached XP level 18. HP: 54/91 MP: 19/39
 50432 | Shoals:4 | Noticed Ilsuiw
 50503 | Shoals:4 | HP: 4/91 [water elemental[Ilsuiw] (6)]
 50843 | Shoals:3 | Upgraded the game from 0.22-a0-322-g60b3cfd402 to 0.22-a0-392-g5dc3fd9af9
 51846 | Shoals:1 | Killed from afar by a frost giant

Vault maps used:
D:1:      nicolae_arrival_memento_mori, serial_forest,
          infiniplex_forest_clump_medium, infiniplex_forest_zigzag_1,
          infiniplex_forest_straight_1, infiniplex_forest_corner_1,
          infiniplex_forest_clump_double, infiniplex_forest_end_1,
          infiniplex_forest_lined_1
D:2:      uniq_jessica, uniq_terence
D:3:      first_ration
D:4:      hangedman_ru_absence, minmay_snake_closets, uniq_robin, uniq_eustachio
D:5:      kennysheep_windowed_halls, temple_statues, basic_altar,
          cheibriados_altar_1
D:6:      serial_shops, nicolae_shop_overgrown_old_shop, shop_fountains,
          shop_fountains, uniq_crazy_yiuf_cottage
D:7:      lemuel_crystal_altar, basic_altar, minmay_misc_feat_tower
D:8:      hangedman_pestilent_swarm
D:9:      minmay_the_grid_3x3, grunt_gozag_breadcrumbs, nemelex_altar_shiori
D:11:     orc_0_dummy, serial_shops, nicolae_shop_overgrown_old_shop,
          nicolae_looking_at_the_future
D:12:     serial_bayou, serial_bayou_crossing, serial_bayou_pond_c,
          serial_bayou_lagoon_a, serial_bayou_lake_a, grunt_dithmenos_smoke
D:13:     serial_ice, serial_ice_n, serial_ice_d, serial_ice_f, serial_ice_b,
          uniq_azrael
D:14:     erik_vaults_2, lemuel_coloured_pillars_altar, kb_tengu_band
D:15:     grunt_enter_depths_magical_seal, serial_shops, shop,
          lab_entry_generic, minmay_misc_feat_square, elyvilon_altar_5,
          uniq_roxanne
Temple:   regret_index_temple_mists
Lair:1:   lemuel_oklob_altar, serial_bayou_shore_b
Lair:2:   spider_nest_entry_web_field, grunt_megastairs_5, serial_bayou_shore_b
Lair:3:   minmay_shoals_entry_lonely_mermaid, beast_lair_carwin_9,
          grunt_megastairs_2
Lair:6:   wormcave, minmay_slime_entry_oklob_enclosed,
          hangedman_lair_unloving_vines
Shoals:2: st_sunken_temple, uniq_polyphemus
Shoals:4: shoals_end_grunt_ice, shoals_ilsuiw_alternative
Spider:1: nicolae_spider_mines_2, uniq_aizul
Spider:2: hangedman_spider_tarantella_strand
Spider:3: spider_trap, uniq_mara, uniq_arachne
Spider:4: grunt_spider_rune_parallel, guppyfry_spider_mini_3
Orc:1:    basic_altar, nooodl_orcs_dogs
Orc:2:    st_orc_elflike, basic_altar
Elf:1:    minmay_elf_arrival_summoners, serial_shops, shop,
          minmay_elf_demonology
Elf:2:    serial_shops, shop, spider_trap
Lab:      labyrinth_mini_lab, nicolae_lab_do_over, labyrinth_skeletal_remains

Skill      XL: |  1  2  3  4  5  6  7  8  9 10 11 12 13 14 15 16 17 |
---------------+----------------------------------------------------+-----
Long Blades    | 2 |  2.4
Dodging        | 5 6 8 9 11 12 14 16 18 19 | 19.6
Fighting       | 3 4 5 6 7 8 |  8.4
Short Blades   | 2 4 5 7 9 10 | 10.0
Shields        | 3 4 5 7 8 9 10 11 | 11.8
Stealth        | 4 10 11 16 18 | 18.5
Spellcasting   | 7 12 15 16 | 16.5
Hexes          | 7 11 13 | 13.5
Evocations     | 5 |  5.9
Translocations | 3 |  3.6

Action                   |  1- 3 |  4- 6 |  7- 9 | 10-12 | 13-15 | 16-18 || total
-------------------------+-------+-------+-------+-------+-------+-------++-------
Melee: Long sword        |    78 |    34 |    24 |       |    62 |       ||   198
       Dagger            |       |    83 |   441 |   762 |  1422 |  1739 ||  4447
       Scimitar          |       |       |       |    20 |   155 |    50 ||   225
       Flail             |       |       |       |       |       |    33 ||    33
       Rapier            |       |       |       |       |       |     9 ||     9
 Fire: Hunting sling     |       |    16 |    37 |    36 |    14 |    15 ||   118
Throw: Stone             |       |       |     1 |       |       |       ||     1
       Throwing net      |       |       |       |       |       |     2 ||     2
 Cast: Confuse           |       |       |       |       |   267 |   385 ||   652
       Dazzling Spray    |       |       |       |       |     4 |    19 ||    23
       Inner Flame       |       |       |       |       |     1 |     5 ||     6
       Tukima's Dance    |       |       |       |       |       |   171 ||   171
       Force Lance       |       |       |       |       |       |     5 ||     5
Invok: Lunge             |       |       |    19 |    46 |   116 |   138 ||   319
       Whirlwind         |       |       |     5 |    20 |    64 |    87 ||   176
       Wall Jump         |       |       |       |     5 |    55 |    20 ||    80
       Serpent's Lash    |       |       |       |       |     1 |     1 ||     2
Evoke: Wand              |       |    12 |     1 |    47 |    47 |    61 ||   168
       Lightning rod     |       |       |       |     6 |     6 |     5 ||    17
       Phial of floods   |       |       |       |     1 |     2 |     1 ||     4
       Sack of spiders   |       |       |       |       |     2 |       ||     2
  Use: Scroll            |     2 |     4 |     7 |    17 |    20 |    15 ||    65
       Potion            |     1 |       |     3 |     4 |    14 |     5 ||    27
 Stab: Sleeping          |     2 |     2 |     5 |    15 |    73 |    27 ||   124
       Confused          |       |       |       |     2 |    93 |   140 ||   235
       Paralysed         |       |       |       |     3 |     5 |     3 ||    11
       Distracted        |       |       |       |       |    11 |    17 ||    28
       Invisible         |       |       |       |       |     6 |     6 ||    12
       Fleeing           |       |       |       |       |     1 |       ||     1
  Eat: Ration            |       |       |     7 |       |    19 |    12 ||    38
Armor: Robe              |     7 |     1 |     7 |    11 |    40 |    49 ||   115
Dodge: Dodged            |    63 |    80 |   269 |   328 |   994 |  1013 ||  2747
Block: Buckler           |    25 |    26 |   142 |   206 |   626 |   864 ||  1889
       Reflection        |       |       |       |       |       |    28 ||    28
       Rpst.: Long sword |    23 |     9 |     4 |       |    13 |       ||    49
       Scimitar          |       |       |       |     2 |    29 |    10 ||    41

Table legend:
 A = Spawn XP
 B = Non-spawn XP
 C = Spawn XP percentage of total XP
 D = Spawn monster count
 E = Non-spawn monster count
 F = Spawn count percentage of total count
 G = Total turns spent on level
                    A         B        C        D         E        F      G
               +---------+---------+-------+---------+---------+-------+---------
         Total |       0 |  298947 |   0.0 |       0 |    1006 |   0.0 | 51846
               +---------+---------+-------+---------+---------+-------+---------
           D:1 |       0 |      34 |   0.0 |       0 |      21 |   0.0 |   794
           D:2 |       0 |     104 |   0.0 |       0 |      20 |   0.0 |  1202
           D:3 |       0 |     127 |   0.0 |       0 |      16 |   0.0 |   808
           D:4 |       0 |     623 |   0.0 |       0 |      16 |   0.0 |   720
           D:5 |       0 |     576 |   0.0 |       0 |      10 |   0.0 |  1344
           D:6 |       0 |     399 |   0.0 |       0 |      10 |   0.0 |   599
           D:7 |       0 |    1190 |   0.0 |       0 |      32 |   0.0 |   506
           D:8 |       0 |    1631 |   0.0 |       0 |      18 |   0.0 |   657
           D:9 |       0 |    6164 |   0.0 |       0 |      49 |   0.0 |  1800
          D:10 |       0 |    3178 |   0.0 |       0 |      20 |   0.0 |   848
          D:11 |       0 |    6104 |   0.0 |       0 |      36 |   0.0 |  1990
          D:12 |       0 |    6916 |   0.0 |       0 |      36 |   0.0 |  2043
          D:13 |       0 |    9232 |   0.0 |       0 |      37 |   0.0 |  1244
          D:14 |       0 |   14506 |   0.0 |       0 |      24 |   0.0 |  1827
          D:15 |       0 |   17500 |   0.0 |       0 |      38 |   0.0 |  1754
        Lair:1 |       0 |    6517 |   0.0 |       0 |      22 |   0.0 |  1705
        Lair:2 |       0 |    7233 |   0.0 |       0 |      26 |   0.0 |  2019
        Lair:3 |       0 |    7899 |   0.0 |       0 |      30 |   0.0 |  1365
        Lair:4 |       0 |    6734 |   0.0 |       0 |      26 |   0.0 |   886
        Lair:5 |       0 |    2564 |   0.0 |       0 |      12 |   0.0 |  1478
        Lair:6 |       0 |   19121 |   0.0 |       0 |      48 |   0.0 |  3557
      Shoals:1 |       0 |    5018 |   0.0 |       0 |      11 |   0.0 |   365
      Shoals:2 |       0 |    5678 |   0.0 |       0 |      12 |   0.0 |   856
      Shoals:3 |       0 |   10536 |   0.0 |       0 |      17 |   0.0 |  1822
      Shoals:4 |       0 |   20564 |   0.0 |       0 |      34 |   0.0 |   901
      Spider:1 |       0 |   13973 |   0.0 |       0 |      43 |   0.0 |  1367
      Spider:2 |       0 |   15583 |   0.0 |       0 |      48 |   0.0 |  1798
      Spider:3 |       0 |   14082 |   0.0 |       0 |      31 |   0.0 |  1334
      Spider:4 |       0 |   39853 |   0.0 |       0 |     101 |   0.0 |  2533
         Orc:1 |       0 |    3560 |   0.0 |       0 |      34 |   0.0 |  1733
         Orc:2 |       0 |   17112 |   0.0 |       0 |      66 |   0.0 |  3207
         Elf:1 |       0 |   28304 |   0.0 |       0 |      52 |   0.0 |  3534
         Elf:2 |       0 |    5024 |   0.0 |       0 |       9 |   0.0 |   335
           Lab |       0 |    1308 |   0.0 |       0 |       1 |   0.0 |  2732
               +---------+---------+-------+---------+---------+-------+---------
